 Dungeon Crawl Stone Soup version 0.24-a0-521-g122614bf49 (webtiles) character file.

Game seed: 17220113366416189195

205 night the Sneak (level 5, -2/26 HPs)
             Began as a Vine Stalker Assassin on July 27, 2019.
             Slain by Grinder (4 damage)
             ... on level 3 of the Dungeon on July 28, 2019.
             The game lasted 00:11:02 (2121 turns).

night the Sneak (Vine Stalker Assassin)             Turns: 2121, Time: 00:11:04

Health: -2/26      AC:  6    Str: 15    XL:     5   Next: 83%
Magic:  0/6        EV: 11    Int: 11    God:
Gold:   162        SH:  0    Dex: 15    Spells: 4/4 levels left

rFire    . . .     SeeInvis .   b - +0 dagger (elec)
rCold    . . .     Gourm    +   (no shield)
rNeg     . . .     Faith    .   u - +0 troll leather armour {Purgy}
rPois    .         Spirit   +   (no helmet)
rElec    .         Reflect  .   c - +0 cloak
rCorr    .         Harm     .   l - +0 pair of gloves
MR       .....                  (no boots)
Stlth    +++.......             q - amulet of the gourmand (curse)
HPRegen  0.88/turn              (no ring)
MPRegen  0.10/turn              (no ring)

@: no status effects
A: fangs 2, regeneration 1, magic shield, antimagic bite, no potion heal 3, rot
immunity
a: no special abilities


You were on level 3 of the Dungeon.
You were full.

You visited 1 branch of the dungeon, and saw 3 of its levels.

You collected 162 gold pieces.

Inventory:

Hand Weapons
 a - a +3 dagger
 b - a +0 dagger of electrocution (weapon)
Missiles
 d - 8 poisoned darts (quivered)
 e - 2 curare-tipped darts
Armour
 c - a +0 cloak (worn)
 l - a +0 pair of gloves (worn)
 u - a +0 troll leather armour (worn) {Purgy}
Jewellery
 q - a cursed amulet of the gourmand (around neck)
Scrolls
 h - a scroll of blinking {unknown}
 k - 5 scrolls of identify {unknown}
 m - 2 scrolls of fog {unknown}
 n - a scroll of noise {unknown}
 o - 2 scrolls of teleportation {unknown}
 p - a scroll of fear {unknown}
 r - a scroll of amnesia {unknown}
Potions
 g - a potion of might {unknown}
 i - a potion of berserk rage {unknown}
 j - a potion of heal wounds {unknown}
 s - a potion of flight {unknown}
Comestibles
 f - 5 rations


   Skills:
 - Level 1.7 Fighting
 + Level 3.4 Short Blades
 + Level 1.8 Throwing
 - Level 0.7 Dodging
 + Level 7.6 Stealth


You had 4 spell levels left.
You didn't know any spells.
Your spell library was empty.

Dungeon Overview and Level Annotations

Branches:
Dungeon (3/15)

Altars:

Annotations:
D:3 Grinder, Ijyb


Innate Abilities, Weirdness & Mutations

You have extremely sharp teeth.
Your natural rate of healing is unusually fast.
When hurt, damage is shared between your health and your magic reserves.
Your bite disrupts and absorbs the magic of your enemies.
Potions cannot restore your health.
You are immune to rotting.


Message History

Grinder is heavily wounded.
Grinder hits you.
You writhe in agony.
You closely miss Grinder. Your bite misses Grinder.
Grinder is heavily wounded.
Grinder falters for a moment.
You hit Grinder but do no damage. Your bite misses Grinder.
Grinder is heavily wounded.
Grinder hits you.
You writhe in agony.
You hit Grinder.
Grinder is severely wounded.
You barely miss Grinder. You bite Grinder, but do no damage.
Grinder is severely wounded.
Grinder hits you.
You hit Grinder.
Grinder is severely wounded.
Ijyb shouts!
Grinder hits you!
* * * LOW HITPOINT WARNING * * *
You writhe in agony.
You die...

..# .## ...#
.. ...#
#.##...# .
#......##.#
..#.....
#.######...#.#
#g....5@.....#
########.)..##
#.##.# #.# #
##.## #.#.#
##.## #####.#
#.....#


You could see Grinder and Ijyb.

Vanquished Creatures
  Purgy (D:3)
  A hound skeleton (D:2)
  Robin (D:2)
  An adder (D:2)
  2 worms (D:2)
  2 dart slugs (D:1)
  3 leopard geckos
  An orc (D:3)
  2 bat skeletons (D:2)
  A bat zombie (D:2)
  A giant cockroach (D:1)
  12 goblins
  6 hobgoblins (D:1)
  2 ball pythons
  11 bats
  3 frilled lizards
  A giant cockroach zombie (D:2)
  9 kobolds
  4 quokka skeletons (D:2)
64 creatures vanquished.

Notes
Turn   | Place    | Note
-------+----------+-------------------------------------------
     0 | D:1      | night the Vine Stalker Assassin began the quest for the
                  | Orb.
     0 | D:1      | Reached XP level 1. HP: 11/11 MP: 2/2
    95 | D:1      | Reached skill level 5 in Stealth
   153 | D:1      | Reached XP level 2. HP: 15/15 MP: 3/3
   350 | D:1      | Upgraded the game from 0.24-a0-520-g8fd06ad0bc to
                  | 0.24-a0-521-g122614bf49
   498 | D:1      | Reached skill level 6 in Stealth
   498 | D:1      | Reached XP level 3. HP: 18/18 MP: 4/4
  1528 | D:2      | Gained mutation: Your natural rate of healing is unusually
                  | fast. [Vine Stalker growth]
  1528 | D:2      | Reached XP level 4. HP: 21/23 MP: 5/5
  1592 | D:2      | Noticed Robin
  1633 | D:2      | Killed Robin
  1633 | D:2      | Reached skill level 7 in Stealth
  1940 | D:3      | Noticed Purgy
  1952 | D:3      | Killed Purgy
  1952 | D:3      | Reached XP level 5. HP: 5/26 MP: 3/6
  2109 | D:3      | Noticed Grinder
  2110 | D:3      | Noticed Ijyb
  2121 | D:3      | Slain by Grinder

Levels and vault maps discovered:
D:1:      scummos_arrival_gate, layout_loops_ring, hangedman_glass_teeth,
          minmay_cupped
D:2:      layout_loops_cross, serial_undead, serial_undead_b, serial_undead_d,
          serial_undead_e, serial_undead_d, serial_undead_c, uniq_robin
D:3:      layout_loops_ring, first_ration, uniq_purgy, uniq_grinder, uniq_ijyb

Skill      XL: |  1  2  3  4 |
---------------+-------------+-----
Stealth        | 5 6 7 |  7.6
Short Blades   | 2 3 |  3.4
Fighting       | |  1.7
Throwing       | |  1.8
Dodging        | |  0.7

Action                   |  1- 3 |  4- 6 || total
-------------------------+-------+-------++-------
Melee: Dagger            |    80 |    84 ||   164
       Bite              |    20 |    18 ||    38
 Stab: Sleeping          |    16 |     2 ||    18
  Eat: Chunk             |     5 |     7 ||    12
Armor: Robe              |    20 |    46 ||    66
       Troll leather arm |       |     1 ||     1
Dodge: Dodged            |    37 |    62 ||    99

Table legend:
 A = Non-vault XP
 B = Vault XP
 C = Vault XP percentage of total XP
 D = Non-vault monster count
 E = Vault monster count
 F = Vault count percentage of total count
                 A         B        C        D         E       F
            +---------+---------+-------+---------+---------+-------
      Total |      83 |     211 |  71.8 |      41 |      23 |  35.9
            +---------+---------+-------+---------+---------+-------
        D:1 |      39 |       7 |  15.2 |      24 |       3 |  11.1
        D:2 |      40 |      63 |  61.2 |      15 |      19 |  55.9
        D:3 |       4 |     141 |  97.2 |       2 |       1 |  33.3
            +---------+---------+-------+---------+---------+-------
